General information
- name: BNet
- type: Ladder team game (AT/RT)
- host: Battle.net
- saver: Sword-Of-Doom
map: Deadlock
- players: 8
- length: 28:35
- speed: Fast
- version: 1.27 W3XP
- replay type: Public
» download(180 KB)
Players
team 1 (winner)
Descartes (
green | 63 APM | 854 actions | 13:35)
6 Blademaster
3 Wind Walk
3 Critical Strike
» actions
| Basic commands | 1 | |
| Build / train | 75 | |
| ESC pressed | 1 | |
| Enter build submenu | 27 | |
| Enter hero's abilities submenu | 6 | |
| Give item / drop item | 1 | |
| Right click | 451 | |
| Select / deselect | 219 | |
| Use ability | 73 | |
854 total
» units
» upgrades
| Ranged Weapons | 3 | |
| Armor | 2 | |
| Envenomed Spears | 2 | |
7 total
» buildings
| Altar of Storms | 1 | |
| Orc Burrow | 11 | |
| Barracks | 2 | |
| Voodoo Lounge | 1 | |
| War Mill | 1 | |
| Stronghold | 5 | |
| Watch Tower | 4 | |
| Beastiary | 5 | |
| Fortress | 2 | |
32 total
» build order
00:23 Altar of Storms
00:36 Orc Burrow
00:51 Barracks
01:46 Orc Burrow
01:55 Orc Burrow
02:03 Orc Burrow
02:28 Barracks
02:52 Voodoo Lounge
02:57 Orc Burrow
03:14 Orc Burrow
04:16 War Mill
04:49 Stronghold
04:54 Stronghold
04:55 Stronghold
04:55 Stronghold
05:31 Watch Tower
05:33 Watch Tower
05:35 Watch Tower
06:39 Watch Tower
08:20 Beastiary
08:22 Fortress
08:23 Beastiary
08:25 Beastiary
08:28 Fortress
08:30 Beastiary
08:33 Beastiary
08:37 Orc Burrow
08:37 Orc Burrow
09:07 Orc Burrow
09:39 Orc Burrow
10:53 Orc Burrow
» items
| Circlet of Nobility | 4 | |
| Boots of Speed | 3 | |
| Healing Salve | 2 | |
| Staff of Teleportation | 1 | |
| Lesser Clarity Potion | 1 | |
11 total
MasterOfTrolls (
blue | 102 APM | 2930 actions | 28:35)
6 Blademaster
3 Wind Walk
2 Critical Strike
1 Bladestorm
3 Shadow Hunter
2 Hex
1 Healing Wave
» actions
| Assign group hotkey | 96 | |
| Basic commands | 38 | |
| Build / train | 124 | |
| Enter build submenu | 49 | |
| Enter hero's abilities submenu | 10 | |
| Give item / drop item | 5 | |
| Remove unit from queue | 2 | |
| Right click | 1205 | |
| Select / deselect | 367 | |
| Select group hotkey | 787 | |
| Use ability | 247 | |
2930 total
» units
| Peon | 19 | |
| Grunt | 5 | |
| Troll Headhunter/Berserker | 10 | |
| Kodo Beast | 1 | |
| Troll Batrider | 11 | |
| Wind Rider | 6 | |
52 total
» upgrades
| Ranged Weapons | 3 | |
| Armor | 3 | |
| Berserker Strength | 1 | |
| Berserker Upgrade | 1 | |
| Reinforced Defenses | 3 | |
| Troll Regeneration | 1 | |
| Liquid Fire | 1 | |
| Spiked Barricades | 2 | |
| Envenomed Spears | 1 | |
16 total
» buildings
| Orc Burrow | 6 | |
| Altar of Storms | 1 | |
| Barracks | 1 | |
| War Mill | 1 | |
| Voodoo Lounge | 1 | |
| Stronghold | 5 | |
| Great Hall | 2 | |
| Fortress | 2 | |
| Watch Tower | 24 | |
| Beastiary | 3 | |
| Spirit Lodge | 1 | |
47 total
» build order
00:23 Orc Burrow
00:54 Altar of Storms
00:55 Barracks
01:36 Orc Burrow
01:53 War Mill
02:16 Orc Burrow
02:46 Voodoo Lounge
04:22 Stronghold
04:23 Stronghold
04:23 Stronghold
06:07 Great Hall
07:20 Fortress
07:21 Fortress
08:08 Watch Tower
08:20 Watch Tower
08:55 Watch Tower
10:10 Beastiary
10:12 Watch Tower
10:13 Watch Tower
12:29 Watch Tower
12:30 Watch Tower
12:31 Watch Tower
13:39 Orc Burrow
13:42 Watch Tower
13:43 Watch Tower
13:46 Watch Tower
13:51 Watch Tower
13:55 Watch Tower
14:22 Orc Burrow
16:05 Beastiary
16:06 Beastiary
17:26 Watch Tower
17:27 Watch Tower
17:28 Watch Tower
17:29 Watch Tower
17:30 Watch Tower
17:42 Watch Tower
17:43 Watch Tower
17:48 Watch Tower
17:48 Watch Tower
18:31 Watch Tower
18:33 Watch Tower
20:34 Orc Burrow
24:29 Spirit Lodge
25:21 Great Hall
» items
| Healing Salve | 6 | |
| Lesser Clarity Potion | 5 | |
| Boots of Speed | 1 | |
| Scroll of Town Portal | 4 | |
| Orb of Lightning | 1 | |
| Orb of Corruption | 1 | |
| Circlet of Nobility | 1 | |
| Tiny Great Hall | 1 | |
20 total

»
Incubus (
purple | 177 APM | 2881 actions | 16:17)
3 Death Knight
2 Death Coil
1 Unholy Aura
1 Lich
1 Frost Nova
» actions
| Assign group hotkey | 34 | |
| Basic commands | 185 | |
| Build / train | 49 | |
| ESC pressed | 5 | |
| Enter build submenu | 28 | |
| Enter hero's abilities submenu | 4 | |
| Give item / drop item | 3 | |
| Remove unit from queue | 2 | |
| Right click | 1022 | |
| Select / deselect | 355 | |
| Select group hotkey | 1133 | |
| Use ability | 61 | |
2881 total
» units
| Acolyte | 5 | |
| Peon | 2 | |
| Ghoul | 5 | |
| Crypt Fiend | 7 | |
| Frost Wyrm | 2 | |
21 total
» upgrades
| Creature Attack | 1 | |
| Web | 1 | |
| Freezing Breath | 1 | |
3 total
» buildings
| Altar of Darkness | 1 | |
| Ziggurat | 5 | |
| Crypt | 1 | |
| Nerubian Tower | 1 | |
| Altar of Storms | 1 | |
| Graveyard | 1 | |
| Tomb of Relics | 1 | |
| War Mill | 1 | |
| Halls of the Dead | 1 | |
| Black Citadel | 1 | |
| Sacrificial Pit | 1 | |
| Boneyard | 3 | |
18 total
» build order
00:10 Altar of Darkness
00:14 Ziggurat
00:22 Crypt
01:11 Nerubian Tower
01:35 Altar of Storms
01:54 Graveyard
02:23 Ziggurat
02:34 Tomb of Relics
03:39 War Mill
04:10 Ziggurat
05:58 Halls of the Dead
08:23 Black Citadel
09:16 Ziggurat
09:16 Ziggurat
10:42 Sacrificial Pit
12:30 Boneyard
12:31 Boneyard
13:59 Boneyard
» items
| Rod of Necromancy | 2 | |
| Scroll of Healing | 1 | |
| Scroll of Town Portal | 4 | |
| Potion of Lesser Invulnerability | 1 | |
| Potion of Healing | 1 | |
| Potion of Mana | 1 | |
| Dust of Appearance | 1 | |
11 total
team 2 (loser)
CarryMeMore (
orange | 37 APM | 1000 actions | 27:09)
4 Blademaster
2 Wind Walk
2 Critical Strike
1 Shadow Hunter
1 Healing Wave
» actions
| Build / train | 69 | |
| Enter build submenu | 29 | |
| Enter hero's abilities submenu | 5 | |
| Give item / drop item | 4 | |
| Remove unit from queue | 1 | |
| Right click | 505 | |
| Select / deselect | 315 | |
| Use ability | 72 | |
1000 total
» units
| Peon | 23 | |
| Grunt | 5 | |
| Centaur Outrunner | 1 | |
| Harpy Rogue | 1 | |
| Shaman | 5 | |
| Troll Witch Doctor | 2 | |
| Wind Rider | 3 | |
40 total
» upgrades
| Melee Weapons | 1 | |
| Armor | 1 | |
| Shaman Training | 2 | |
| Reinforced Defenses | 1 | |
| Spiked Barricades | 2 | |
| Witch Doctor Training | 2 | |
| Ranged Weapons | 1 | |
10 total
» buildings
| Altar of Storms | 1 | |
| Orc Burrow | 8 | |
| Barracks | 1 | |
| Voodoo Lounge | 1 | |
| War Mill | 1 | |
| Stronghold | 1 | |
| Fortress | 1 | |
| Spirit Lodge | 2 | |
| Great Hall | 3 | |
| Watch Tower | 6 | |
| Beastiary | 4 | |
29 total
» build order
00:26 Altar of Storms
00:29 Orc Burrow
00:53 Barracks
01:34 Orc Burrow
02:09 Voodoo Lounge
02:46 Orc Burrow
03:37 War Mill
04:34 Stronghold
05:47 Orc Burrow
08:29 Fortress
08:34 Spirit Lodge
08:37 Spirit Lodge
09:17 Great Hall
10:23 Watch Tower
10:27 Watch Tower
12:33 Great Hall
12:51 Orc Burrow
13:53 Watch Tower
23:16 Beastiary
23:19 Beastiary
23:23 Beastiary
23:26 Orc Burrow
23:29 Beastiary
24:12 Watch Tower
24:16 Watch Tower
24:21 Orc Burrow
24:56 Watch Tower
25:07 Orc Burrow
25:19 Great Hall
» items
| Scroll of Regeneration | 2 | |
| Healing Salve | 2 | |
| Scroll of Town Portal | 2 | |
| Orb of Lightning | 1 | |
| Potion of Healing | 2 | |
9 total
timgaf (
teal | 95 APM | 2481 actions | 26:09)
4 Blademaster
2 Wind Walk
2 Critical Strike
4 Shadow Hunter
2 Healing Wave
2 Serpent Ward
» actions
| Assign group hotkey | 49 | |
| Basic commands | 368 | |
| Build / train | 97 | |
| ESC pressed | 3 | |
| Enter build submenu | 28 | |
| Enter hero's abilities submenu | 8 | |
| Give item / drop item | 3 | |
| Right click | 483 | |
| Select / deselect | 361 | |
| Select group hotkey | 977 | |
| Use ability | 104 | |
2481 total
» units
| Peon | 12 | |
| Grunt | 11 | |
| Troll Headhunter/Berserker | 1 | |
| Wind Rider | 7 | |
| Troll Witch Doctor | 5 | |
| Troll Batrider | 8 | |
| Shaman | 7 | |
51 total
» upgrades
| Armor | 3 | |
| Berserker Strength | 1 | |
| Witch Doctor Training | 2 | |
| Pillage | 1 | |
| Envenomed Spears | 1 | |
| Liquid Fire | 1 | |
| Shaman Training | 2 | |
| Ranged Weapons | 3 | |
| Reinforced Defenses | 2 | |
16 total
» buildings
| Altar of Storms | 1 | |
| Orc Burrow | 7 | |
| Barracks | 1 | |
| Voodoo Lounge | 1 | |
| War Mill | 1 | |
| Watch Tower | 7 | |
| Stronghold | 5 | |
| Great Hall | 3 | |
| Spirit Lodge | 1 | |
| Beastiary | 1 | |
| Fortress | 5 | |
33 total
» build order
00:08 Altar of Storms
00:11 Orc Burrow
01:10 Barracks
01:25 Voodoo Lounge
01:52 War Mill
02:00 Orc Burrow
03:13 Watch Tower
03:40 Stronghold
03:40 Stronghold
03:40 Stronghold
03:40 Stronghold
04:10 Orc Burrow
05:11 Great Hall
06:04 Watch Tower
08:07 Orc Burrow
08:26 Spirit Lodge
09:13 Beastiary
09:42 Fortress
09:42 Fortress
09:42 Fortress
09:43 Fortress
10:24 Watch Tower
12:11 Orc Burrow
12:16 Orc Burrow
12:18 Orc Burrow
23:52 Great Hall
23:58 Great Hall
24:00 Watch Tower
24:00 Watch Tower
24:01 Watch Tower
24:03 Watch Tower
» items
| Healing Salve | 2 | |
| Potion of Lesser Invulnerability | 1 | |
| Scroll of Protection | 1 | |
| Orb of Lightning | 2 | |
| Boots of Speed | 1 | |
| Scroll of Town Portal | 1 | |
8 total
Sword-Of-Doom (
yellow | 58 APM | 1646 actions | 28:35)
5 Blademaster
3 Wind Walk
2 Critical Strike
» actions
| Assign group hotkey | 63 | |
| Basic commands | 139 | |
| Build / train | 63 | |
| Enter build submenu | 46 | |
| Enter hero's abilities submenu | 5 | |
| Give item / drop item | 3 | |
| Remove unit from queue | 2 | |
| Right click | 581 | |
| Select / deselect | 265 | |
| Select group hotkey | 363 | |
| Use ability | 116 | |
1646 total
» units
| Peon | 19 | |
| Grunt | 4 | |
| Troll Batrider | 3 | |
| Wind Rider | 11 | |
37 total
» upgrades
| Reinforced Defenses | 1 | |
| Envenomed Spears | 1 | |
| Ranged Weapons | 3 | |
| Armor | 3 | |
| Melee Weapons | 0 | |
8 total
» buildings
| Orc Burrow | 8 | |
| Altar of Storms | 1 | |
| Barracks | 1 | |
| Voodoo Lounge | 1 | |
| War Mill | 2 | |
| Great Hall | 2 | |
| Stronghold | 1 | |
| Watch Tower | 25 | |
| Beastiary | 5 | |
| Fortress | 1 | |
47 total
» build order
00:11 Orc Burrow
00:51 Altar of Storms
00:52 Barracks
01:06 Orc Burrow
01:52 Voodoo Lounge
02:44 War Mill
04:20 Great Hall
04:26 Stronghold
04:44 Watch Tower
05:05 Watch Tower
06:05 Watch Tower
06:05 Watch Tower
06:35 Watch Tower
06:35 Watch Tower
06:36 Watch Tower
07:26 Beastiary
08:54 Beastiary
08:55 Beastiary
09:03 Fortress
09:23 Watch Tower
09:29 Watch Tower
09:29 Watch Tower
09:42 Watch Tower
10:34 Beastiary
10:37 Beastiary
10:40 Orc Burrow
12:19 Watch Tower
12:19 Watch Tower
12:24 Watch Tower
12:33 Watch Tower
14:17 War Mill
14:49 Great Hall
17:22 Orc Burrow
17:23 Orc Burrow
17:24 Orc Burrow
17:25 Orc Burrow
17:33 Orc Burrow
17:41 Watch Tower
17:41 Watch Tower
17:42 Watch Tower
17:42 Watch Tower
17:43 Watch Tower
17:43 Watch Tower
17:48 Watch Tower
20:04 Watch Tower
20:09 Watch Tower
20:16 Watch Tower
» items
| Healing Salve | 3 | |
| Scroll of Town Portal | 2 | |
| Boots of Speed | 1 | |
| Staff of Teleportation | 1 | |
| Orb of Lightning | 1 | |
8 total

»
rhyder (
red | 31 APM | 793 actions | 25:21)
5 Paladin
3 Holy Light
2 Divine Shield
» actions
| Assign group hotkey | 12 | |
| Basic commands | 2 | |
| Build / train | 69 | |
| ESC pressed | 1 | |
| Enter build submenu | 23 | |
| Enter hero's abilities submenu | 7 | |
| Give item / drop item | 1 | |
| Remove unit from queue | 1 | |
| Right click | 368 | |
| Select / deselect | 207 | |
| Select group hotkey | 53 | |
| Use ability | 49 | |
793 total
» units
» upgrades
| Swords | 3 | |
| Lumber Harvesting | 1 | |
| Storm Hammers | 1 | |
| Armor | 3 | |
| Animal War Training | 1 | |
9 total
» buildings
| Altar of Kings | 1 | |
| Lumber Mill | 2 | |
| Farm | 11 | |
| Keep | 1 | |
| Blacksmith | 1 | |
| Scout Tower | 1 | |
| Guard Tower | 1 | |
| Castle | 1 | |
| Gryphon Aviary | 2 | |
| Arcane Vault | 1 | |
| Barracks | 1 | |
| Town Hall | 1 | |
24 total
» build order
00:11 Altar of Kings
00:34 Lumber Mill
00:52 Farm
02:13 Keep
02:49 Farm
02:51 Farm
02:59 Blacksmith
03:05 Farm
03:26 Scout Tower
04:00 Guard Tower
04:21 Farm
04:24 Farm
04:35 Castle
04:45 Gryphon Aviary
04:58 Gryphon Aviary
05:34 Arcane Vault
06:47 Farm
06:53 Farm
07:35 Farm
08:15 Farm
08:17 Farm
08:31 Lumber Mill
12:46 Barracks
13:35 Town Hall
» items
| Scroll of Regeneration | 1 | |
| Scroll of Town Portal | 1 | |
| Potion of Lesser Invulnerability | 1 | |
| Scroll of Healing | 2 | |
5 total
Chat log
(00:21 / All) CarryMeMore: wonder if you guys are getting trolled
(00:28 / All) Descartes: yea
(00:35 / Allies) Sword-Of-Doom: maybe he's getting only troll units or something
(00:42 / Allies) CarryMeMore: lol
(00:54 / Allies) timgaf: what should I get
(01:22 / All) timgaf: gg guys
(01:29 / All) Descartes: stfu lmfao
(01:40 / All) timgaf: maga
(01:44 / Allies) CarryMeMore: they are rushing
(01:48 / Allies) CarryMeMore: just get units and hit
(03:58 / Allies) CarryMeMore: u wanna take my mine yellow?
(04:27 / Allies) CarryMeMore: I will take that as a "yes plz cause I suck"
(04:35 / Allies) Sword-Of-Doom: how's it yours
(04:40 / Allies) CarryMeMore: really
(07:52 / All) Descartes: gg
(08:07 / All) CarryMeMore: leaving?
(10:07 / All) Descartes: dude why drop hack
(10:15 / All) Descartes: were already down a man
(11:30 / All) Descartes: dude which fucking mh did u get
(11:33 / All) Descartes: the patch just came
(11:41 / Allies) CarryMeMore: hey
(11:43 / Allies) CarryMeMore: retards
(11:46 / Allies) CarryMeMore: wtf are u doing
(13:21 / All) Descartes: gg lul
(13:24 / All) Descartes: mh just came out
(13:27 / All) Sword-Of-Doom: don't fuck with me cuh
(13:29 / All) Descartes: u guys fucking suck
(13:35 / All) CarryMeMore: sure
(13:36 / All) CarryMeMore: cry more
(15:03 / Allies) Sword-Of-Doom: lumbs?>
(16:30 / All) MasterOfTrolls: My prick allies all left wioth about 2k wood and wouldn
(16:31 / All) MasterOfTrolls: t lumber me
(16:45 / Allies) Sword-Of-Doom: hit me up with some lumb ma
(17:23 / All) MasterOfTrolls: lol
(17:31 / All) CarryMeMore: thats the kind of allies I have
(17:39 / All) MasterOfTrolls: that wasn't due to your allies LOL
(17:49 / All) CarryMeMore: u mean teleporting?
(17:56 / All) MasterOfTrolls: your shit move to go there in the first place
(18:14 / All) CarryMeMore: ur blind
(18:23 / All) MasterOfTrolls: you're a retard
(18:30 / All) CarryMeMore: talking about that
(18:36 / All) CarryMeMore: what are u still doing here
(18:40 / All) MasterOfTrolls: winning
(18:42 / All) CarryMeMore: its kinda lame
(19:38 / Allies) Sword-Of-Doom: need dat lumba ma
(20:12 / Allies) timgaf: put doc wards everywhere
(21:34 / Allies) Sword-Of-Doom: charge
(21:53 / All) rhyder: noooooo
(22:42 / All) CarryMeMore: u are about to get rape
(22:45 / All) CarryMeMore: we wont be gentle
(22:45 / All) MasterOfTrolls: nah
(23:02 / Allies) rhyder: wtf?
(23:26 / All) MasterOfTrolls: what were you saying?
(23:50 / Allies) CarryMeMore: kill yellow
(23:54 / Allies) CarryMeMore: hes bsing
(24:03 / Allies) CarryMeMore: tower ur bases
(27:12 / All) Sword-Of-Doom: lol
(27:18 / All) MasterOfTrolls: your team lose? 3 legit
(27:20 / All) MasterOfTrolls: mine had an afker
(27:22 / All) Sword-Of-Doom: Yeah
(27:25 / All) Sword-Of-Doom: Man
(27:29 / All) Sword-Of-Doom: They barely put up a fight LMAO
(27:38 / All) MasterOfTrolls: There's only 1 up to date maphack now
(27:40 / All) MasterOfTrolls: and it sucks
(27:41 / All) Sword-Of-Doom: they had thousands of gold before theiur arimies died
(27:42 / All) MasterOfTrolls: I dled it to try
(27:48 / All) MasterOfTrolls: you can't fogclick or see resources
(28:05 / All) Sword-Of-Doom: Man this team was pathetic, they wilted like faded flowers
(28:16 / All) MasterOfTrolls: I expected a bigger fight
(28:25 / All) Sword-Of-Doom: they could have defeated me if they worked together, but instead they fell one by one
(28:28 / All) Sword-Of-Doom: to my mighty blade